 Dungeon Crawl Stone Soup version 0.30-a0-469-g84de5afbc5 (webtiles) character file.

Game seed: 10075655362244291040

88 Raultor the Insei (level 4, -3/29 HPs)
             Began as an Octopode Transmuter on Dec 19, 2022.
             Slain by Terence
             ... wielding a +0 trident
              (9 damage)
             ... on level 2 of the Dungeon.
             The game lasted 00:02:39 (1428 turns).

Raultor the Insei (Octopode Transmuter)             Turns: 1428, Time: 00:02:40

Health: -3/29      AC:  1    Str:  9    XL:     4   Next: 53%
Magic:  5/7        EV: 13    Int: 17    God:
Gold:   77         SH:  0    Dex: 12    Spells: 4/7 levels left

rFire   . . .      SeeInvis .      - Unarmed
rCold   . . .      Faith    .    (no shield)
rNeg    . . .      Spirit   .    (helmet currently unavailable)
rPois   .          Reflect  .    (no amulet)
rElec   .          Harm     .    (no ring)
rCorr   .          Rampage  .    (no ring)
Will    .....                    (no ring)
Stlth   ++........               (no ring)
HPRegen 0.24/turn                (no ring)
MPRegen 0.10/turn                (no ring)
                                 (no ring)
                                 (no ring)

@: appendages (expiring), wereblooded
A: tentacle spike 3, almost no armour, amphibious, 8 rings, camouflage 1,
gelatinous body 1, (nimble swimmer 1), tentacles
a: End Transformation


You were on level 2 of the Dungeon.
One of your tentacles had grown a beastly spike.
You visited 1 branch of the dungeon, and saw 4 of its levels.

You collected 77 gold pieces.


Innate Abilities, Weirdness & Mutations

One of your tentacles has grown a beastly spike.
You cannot wear most types of armour.
You are amphibious.
You can wear up to eight rings at the same time.
Your skin changes colour to match your surroundings (Stealth+).
Your rubbery body absorbs attacks. (AC +1, EV +1)
((You are camouflaged when in or above water. (Stealth+)))
You have tentacles for arms and can constrict up to eight enemies at once.


   Skills:
 + Level 1.9 Fighting
 - Level 2.0 Dodging
 + Level 3.4 Unarmed Combat
 - Level 2.0 Spellcasting
 * Level 3.0 Transmutations
 * Level 2.2 Ice Magic


You had 4 spell levels left.
You knew the following spells:

 Your Spells              Type           Power      Damage    Failure   Level
b - Beastly Appendage     Tmut           24%        N/A       5%          1
w - Wereblood             Tmut           12%        N/A       9%          2

Your spell library contained the following spells:

 Spells                   Type           Power      Damage    Failure   Level
 Spider Form              Tmut/Pois      6%         N/A       30%         3
 Kindle Blastsparks       Fire/Tloc/Air  2%         2d10      50%         3
 Ice Form                 Ice/Tmut       10%        N/A       54%         4
 Fulminant Prism          Conj/Hex       0%         3d5       88%         4
 Iskenderun's Mystic Bla  Conj/Tloc      1%         2d3       88%         4
 Lee's Rapid Deconstruct  Erth           0%         3d4*      99%         5

Inventory:

Wands
 i - a wand of quicksilver (8)
Scrolls
 d - a scroll of fog {unknown}
 e - 2 scrolls of identify {unknown}
 f - a scroll of torment {unknown}
 j - 2 scrolls of teleportation {unknown}
Potions
 a - 2 potions of lignification
 b - 2 potions of curing {unknown}
 c - a potion of brilliance {unknown}
 g - a potion of invisibility {unknown}
 h - a potion of degeneration {unknown}

Dungeon Overview and Level Annotations

Branches:
Dungeon (4/15)
 Temple: D:4-7

Altars:

Annotations:
D:2 Terence

...........#
#...........#
..........##
#...........#
..........#
#...........#
#.........#
+...........#
####....###
#...........#
#.##.#
#...........#
#.##.#
#.#'#########
####.. #.#.#
#### #.#@#
#..@#
......##.#
..###.##.##
$.<......#
#..#..#..#
### .....#...
(.# #.##
..... ..# ..
##.#.#.


You could see Terence.


Message History

The ball python bites you. The ball python constricts you.
You barely miss the ball python. Your grab misses the ball python.
The ball python is moderately wounded.
The ball python bites you. The ball python constricts you.
You closely miss the ball python. You grab the ball python.
You pierce the ball python, but do no damage.
The ball python is moderately wounded.
You constrict the ball python.
You feel a bit better.
You kill the ball python!
You tentacle-slap the rat but do no damage.
You grab the rat.
You pierce the rat.
You feel a bit better.
You kill the rat!
Terence hits you with a +0 trident!
You closely miss Terence. Your grab misses Terence. Terence closely misses you.
You tentacle-slap Terence but do no damage.
Your grab misses Terence.
Your transformation is almost over.
Terence hits you with a +0 trident.
* * * LOW HITPOINT WARNING * * *
You tentacle-slap Terence. Your grab misses Terence.
Terence is lightly wounded.
You howl as the wereblood boils in your veins!
Terence hits you with a +0 trident!
* * * LOW HITPOINT WARNING * * *
You tentacle-slap Terence but do no damage.
You grab Terence.
Terence is lightly wounded.
You constrict Terence, but do no damage.
Terence hits you with a +0 trident!
You die...

Skill      XL: |  1  2  3  4 |
---------------+-------------+-----
Ice Magic      | 1 2 |  2.2
Transmutations | 3 |  3.0
Fighting       | |  1.9
Dodging        | |  2.0
Unarmed Combat | |  3.4
Spellcasting   | |  2.0

Action                   |  1- 3 |  4- 6 || total
-------------------------+-------+-------++-------
Melee: Unarmed           |    73 |    50 ||   123
       Constrict         |    20 |    11 ||    31
       Tentacles         |    15 |     6 ||    21
       Kick              |    11 |     6 ||    17
       Punch             |     2 |     1 ||     3
 Cast: Beastly Appendage |     5 |     4 ||     9
       Wereblood         |       |     2 ||     2
 Stab: Sleeping          |     3 |     1 ||     4
Armor: Skin              |    13 |     1 ||    14
Dodge: Dodged            |    41 |    29 ||    70

Levels and vault maps discovered:
D:1:      reono_arrival_forest_river, layout_loops_ring, st_stairs_11
D:2:      layout_basic, dreamdust_princess_bridge, uniq_terence
D:3:      layout_basic, minivault_5, lexackson_kobold_supper
D:4:      layout_rooms, grunt_temple_overflow_bloody_war, due_unseen_surprise,
          uniq_crazy_yiuf_cottage, uniq_menkaure

Notes
Turn   | Place    | Note
-------+----------+-------------------------------------------
     0 | D:1      | Raultor the Octopode Transmuter began the quest for the
                  | Orb.
     0 | D:1      | Reached XP level 1. HP: 13/13 MP: 3/3
    88 | D:1      | Reached XP level 2. HP: 15/18 MP: 5/5
   206 | D:1      | Reached skill level 1 in Ice Magic
   361 | D:1      | Reached XP level 3. HP: 20/23 MP: 6/6
   509 | D:1      | Learned a level 2 spell: Wereblood
   881 | D:2      | Reached XP level 4. HP: 29/29 MP: 7/7
  1041 | D:2      | You fall into a shaft and drop 2 floors!
  1142 | D:3      | Reached skill level 2 in Ice Magic
  1165 | D:3      | Reached skill level 3 in Transmutations
  1412 | D:2      | Noticed Terence
  1428 | D:2      | Slain by Terence

Vanquished Creatures
  An adder (D:2)
  A worm (D:2)
  5 dart slugs
  3 orcs
  5 endoplasms
  3 giant cockroaches
  3 goblins
  3 hobgoblins (D:1)
  6 ball pythons
  8 bats
  4 frilled lizards
  13 kobolds
  5 rats
60 creatures vanquished.

Vanquished Creatures (others)
  2 plants (D:3)
2 creatures vanquished.

Grand Total: 62 creatures vanquished

Table legend: (Time is in decaauts)
 A = Elapsed time spent in this place.
 B = Non-inter-level travel time spent in this place.
 C = Inter-level travel time spent in this place.
 D = Time resting spent in this place.
 E = Time spent auto-exploring this place.
 F = Levels seen in this place.
 G = Mean time per level.
                   A        B        C        D        E       F      G
               +--------+--------+--------+--------+--------+-----+--------+
         Total |   1419 |   1408 |     11 |     12 |   1039 |   4 |  354.8 |
       Dungeon |   1419 |   1408 |     11 |     12 |   1039 |   4 |  354.8 |
               +--------+--------+--------+--------+--------+-----+--------+

Top non-repeatable levels by time:
     D:1: 779 daAuts
     D:2: 349 daAuts
     D:3: 192 daAuts
     D:4: 98 daAuts

Table legend:
 A = Non-vault XP
 B = Vault XP
 C = Vault XP percentage of total XP
 D = Non-vault monster count
 E = Vault monster count
 F = Vault count percentage of total count
                 A         B        C        D         E       F
            +---------+---------+-------+---------+---------+-------
      Total |     107 |      19 |  15.1 |      48 |      12 |  20.0
            +---------+---------+-------+---------+---------+-------
        D:1 |      56 |       8 |  12.5 |      30 |       4 |  11.8
        D:2 |      31 |       0 |   0.0 |      10 |       0 |   0.0
        D:3 |      12 |      11 |  47.8 |       5 |       8 |  61.5
        D:4 |       8 |       0 |   0.0 |       3 |       0 |   0.0
            +---------+---------+-------+---------+---------+-------
